 Dungeon Crawl Stone Soup version 0.16.2-12-gd0ad4c3 (webtiles) character file.

394 faibistes the Magician (level 6, -3/34 HPs)
             Began as a Deep Elf Wizard on Jan 24, 2018.
             Slain by Prince Ribbit (12 damage)
             ... on level 5 of the Dungeon.
             The game lasted 00:11:18 (4001 turns).

faibistes the Magician (Deep Elf Wizard)            Turns: 4001, Time: 00:11:19

Health: -3/34      AC:  3    Str:  4    XL:     6   Next: 51%
Magic:  14/22      EV: 14    Int: 25    God:
Gold:   154        SH:  0    Dex: 13    Spells: 6 memorised, 5 levels left

rFire  . . .     SeeInvis .     W - +2 spear (venom)
rCold  . . .     Clarity  .     a - +0 robe
rNeg   + . .     SustAb   .     (no shield)
rPois  .         Gourm    .     b - +0 hat
rElec  .         Spirit   .     s - +0 cloak
rCorr  .         Warding  .     (no gloves)
rMut   .         Stasis   .     (no boots)
MR     .....                    (no amulet)
Stlth  ++........               (no ring)
                                k - ring of positive energy

@: repel missiles, not resistant to hostile enchantments, unstealthy
A: no striking features
a: no special abilities


You were on level 5 of the Dungeon.
You were not hungry.

You visited 1 branch of the dungeon, and saw 5 of its levels.

You collected 154 gold pieces.

Inventory:

Hand weapons
 w - a +1 short sword of protection
 x - a +0 dagger
 W - a +2 spear of venom (weapon)
Armour
 a - a +0 robe (worn)
 b - a +0 hat (worn)
 s - a +0 cloak (worn)
Jewellery
 k - a ring of positive energy (left hand)
 q - an uncursed ring of ice
Scrolls
 e - a scroll of blinking {unknown}
 f - a scroll of recharging {unknown}
 i - 3 scrolls of remove curse {unknown}
 j - 3 scrolls of teleportation {unknown}
 p - 2 scrolls of enchant weapon {unknown}
 t - a scroll of fear {unknown}
 y - a scroll of identify
Potions
 g - 3 potions of heal wounds
 h - 2 potions of cancellation
 l - 3 potions of might
 n - a potion of curing
 o - 3 potions of resistance
 r - a potion of lignification {unknown}
Books
 c - a book of Minor Magic

   Spells                             Type                      Level
   a - Magic Dart                     Conjuration                  1
   b - Blink                          Translocation                2
   c - Call Imp                       Summoning                    2
   d - Repel Missiles                 Charms/Air                   2
   e - Slow                           Hexes                        2
   f - Conjure Flame                  Conjuration/Fire             3
   g - Mephitic Cloud                 Conjuration/Poison/Air       3
Comestibles
 d - 2 bread rations
 m - 2 chunks of flesh
 u - a meat ration
 v - a slice of pizza


   Skills:
 * Level 1.1 Fighting
 + Level 4.5 Dodging
 - Level 2.4 Stealth
 * Level 6.7 Spellcasting
 - Level 3.8 Conjurations
 - Level 1.1 Summonings
 - Level 2.4 Translocations


You had 5 spell levels left.
You knew the following spells:

 Your Spells              Type           Power        Failure   Level  Hunger
a - Magic Dart            Conj           ####         1%          1    None
b - Conjure Flame         Conj/Fire      ###.....     12%         3    None
c - Call Imp              Summ           ##......     10%         2    None
d - Blink                 Tloc           N/A          4%          2    None
e - Mephitic Cloud        Conj/Pois/Air  ##......     14%         3    None
f - Repel Missiles        Chrm/Air       #.....       12%         2    None


Dungeon Overview and Level Annotations

Branches:
Dungeon (5/15)
 Temple: D:4-7

Altars:
Cheibriados
Elyvilon
Nemelex Xobeh

Annotations:
D:5 Dowan, Duvessa, Prince Ribbit


Message History

There is a stone staircase leading up here.
You hit the goblin.
You kill the goblin!
Duvessa grins madly.
You closely miss Prince Ribbit.
Prince Ribbit is moderately wounded.
Prince Ribbit hits you!
Ouch! That really hurt!
Dowan looks very confused.
Casting: Mephitic Cloud
Confirm with . or Enter, or press ? or * to list all spells.
Aiming: Mephitic Cloud
Press: ? - help, Shift-Dir - straight line, p - Dowan The ball explodes into a vile cloud!
The stinking cloud engulfs Prince Ribbit.
Prince Ribbit is moderately wounded.
Prince Ribbit hits you.
* * * LOW HITPOINT WARNING * * *
Prince Ribbit hits you!
You die...

. .. ####
###.##.....
#...........
#............
#|...........
...§.§.....
#.######..§§......
#.......@F§.......
#########).......#
#........#
.........
#..$$....?
#.........
#...e.... #.......
##.....


You could see Prince Ribbit and Duvessa (confused).

Vanquished Creatures
  A crocodile (D:3)
  Crazy Yiuf (D:2)
  2 orc wizards (D:3)
  A worker ant (D:4)
  A hound skeleton (D:4)
  5 adders
  7 gnolls
  3 worms
  A giant gecko (D:3)
  An ooze (D:1)
  8 orcs (D:3)
  3 giant cockroaches
  10 hobgoblins
  5 kobolds
  A quokka (D:3)
  2 ball pythons (D:2)
  9 bats
  3 giant newts
  8 goblins
  6 rats
78 creatures vanquished.

Notes
Turn   | Place    | Note
--------------------------------------------------------------
     0 | D:1      | faibistes, the Deep Elf Wizard, began the quest for the Orb.
     0 | D:1      | Reached XP level 1. HP: 10/10 MP: 6/6
   270 | D:1      | Reached XP level 2. HP: 9/15 MP: 0/10
   284 | D:1      | Learned a level 2 spell: Blink
   287 | D:1      | Learned a level 2 spell: Call Imp
   527 | D:2      | Reached skill level 5 in Spellcasting
   789 | D:3      | Reached XP level 3. HP: 19/19 MP: 7/14
   886 | D:1      | Learned a level 3 spell: Conjure Flame
   890 | D:1      | Learned a level 3 spell: Mephitic Cloud
  1292 | D:2      | Found a sparkling altar of Nemelex Xobeh.
  1292 | D:2      | Found a snail-covered altar of Cheibriados.
  1736 | D:2      | Noticed Crazy Yiuf
  1749 | D:2      | Killed Crazy Yiuf
  1749 | D:2      | Reached XP level 4. HP: 24/24 MP: 0/17
  1782 | D:2      | Learned a level 2 spell: Repel Missiles
  2301 | D:3      | Reached XP level 5. HP: 28/28 MP: 10/20
  2520 | D:4      | Reached skill level 6 in Spellcasting
  2915 | D:3      | Found a white marble altar of Elyvilon.
  3149 | D:3      | Reached XP level 6. HP: 32/32 MP: 11/22
  3586 | D:3      | Noticed a crocodile
  3597 | D:3      | Killed a crocodile
  3789 | D:3      | Reached skill level 1 in Fighting
  3987 | D:5      | Entered Level 5 of the Dungeon
  3987 | D:5      | Noticed Prince Ribbit
  3987 | D:5      | Noticed Duvessa
  3987 | D:5      | Noticed Dowan
  4001 | D:5      | Slain by Prince Ribbit

Action                   |  1- 3 |  4- 6 || total
-------------------------+-------+-------++-------
Melee: Unarmed           |    10 |       ||    10
       Spear             |       |    30 ||    30
       Dagger            |       |     2 ||     2
 Cast: Magic Dart        |    91 |   106 ||   197
       Conjure Flame     |     1 |     8 ||     9
       Mephitic Cloud    |     1 |     6 ||     7
       Repel Missiles    |       |     1 ||     1
       Blink             |       |     1 ||     1
  Use: Scroll            |     6 |       ||     6
  Eat: Chunk             |     2 |     7 ||     9
